 Dungeon Crawl Stone Soup version 0.24.0-123-gd5b16e6ec5 (webtiles) character file.

Game seed: 3647074838045441629, levelgen mode: deterministic

309 Delamore the Cleaver (level 6, -4/51 HPs)
             Began as a Hill Orc Fighter on Dec 23, 2019.
             Slain by a troll (10 damage)
             ... on level 4 of the Dungeon.
             The game lasted 00:02:35 (2192 turns).

Delamore the Cleaver (Hill Orc Fighter)             Turns: 2192, Time: 00:02:36

Health: -4/51      AC:  6    Str: 21    XL:     6   Next: 41%
Magic:  6/6        EV:  7    Int: 12    God:
Gold:   159        SH:  9    Dex: 10    Spells: 5/5 levels left

rFire    . . .     SeeInvis .   a - +0 war axe
rCold    . . .     Gourm    .   c - +0 shield
rNeg     . . .     Faith    +   b - +0 scale mail
rPois    .         Spirit   .   (no helmet)
rElec    .         Reflect  .   l - scarf {cloud immunity}
rCorr    .         Harm     .   (no gloves)
MR       .....                  (no boots)
Stlth    ..........             j - amulet of faith
HPRegen  0.17/turn              g - +4 ring of intelligence
MPRegen  0.10/turn              (no ring)

@: no status effects
A: no striking features
a: no special abilities


You were on level 4 of the Dungeon.
You were hungry.

You visited 1 branch of the dungeon, and saw 4 of its levels.

You collected 159 gold pieces.

Inventory:

Hand Weapons
 a - a +0 war axe (weapon)
Armour
 b - a +0 scale mail (worn)
 c - a +0 shield (worn)
 l - a scarf of cloud immunity (worn)
Jewellery
 g - a +4 ring of intelligence (left hand)
 j - an amulet of faith (around neck)
Wands
 s - a wand of random effects (9)
Scrolls
 e - a scroll of teleportation {unknown}
 i - a scroll of amnesia {unknown}
 n - a scroll of immolation {unknown}
 q - 6 scrolls of identify {unknown}
 r - a scroll of remove curse {unknown}
Potions
 d - a potion of might
 h - 3 potions of berserk rage {unknown}
 k - a potion of invisibility {unknown}
 m - a potion of mutation {unknown}
 p - a potion of lignification {unknown}
Comestibles
 f - 5 rations
 o - 6 chunks of flesh


   Skills:
 - Level 3.6 Fighting
 + Level 8.7 Axes
 - Level 3.2 Armour
 - Level 3.2 Shields


You had 5 spell levels left.
You didn't know any spells.
Your spell library was empty.

Dungeon Overview and Level Annotations

Branches:
Dungeon (4/15)
 Temple: D:4-7

Altars:
Cheibriados
Elyvilon
Fedhas
Hepliaklqana
Qazlal
Wu Jian
Zin


Message History

You block the troll's attack.
You hit the troll.
The troll is lightly wounded.
You are feeling hungry.
You block the troll's attack. The troll claws you! The troll claws you.
You slash the troll!
The troll is heavily wounded.
You block the troll's attack. The troll claws you. The troll barely misses you.
You hit the troll.
The troll is heavily wounded.
The troll bites you. The troll claws you. The troll claws you!
* * * LOW HITPOINT WARNING * * *
The troll bites you!
* * * LOW HITPOINT WARNING * * *
The troll claws you but does no damage. You block the troll's attack.
Okay, then.
You slash the troll!
The troll is severely wounded.
The troll barely misses you. The troll claws you!
You die...

#.# #.†[... ##.# #......
#..# #...... #.## #....>.
##.# #...### #..# #...#.#
#[## #...8.# #T# ###......
##@# ###...#....
.########..# ##...####8.#
.........(######).### ###_#
.#...###........)######.###
###.###.#####....).....#
#.....# #.####..####
......#######.#....##
##.####.##......#.####
...........######.#


You could see a troll.

Vanquished Creatures
  An orc priest (D:4)
  Natasha (D:3)
  4 orc wizards
  A gnoll (D:1)
  3 adders
  An ooze (D:2)
  3 worms
  A dart slug (D:1)
  2 leopard geckos (D:3)
  15 orcs
  2 giant cockroaches
  7 goblins
  8 hobgoblins
  3 jackals (D:4)
  13 kobolds
  A quokka (D:3)
  5 bats
  2 frilled lizards
  10 rats
83 creatures vanquished.

Notes
Turn   | Place    | Note
-------+----------+-------------------------------------------
     0 | D:1      | Delamore the Hill Orc Fighter began the quest for the Orb.
     0 | D:1      | Reached XP level 1. HP: 19/19 MP: 1/1
    35 | D:1      | Reached skill level 3 in Axes
    35 | D:1      | Reached XP level 2. HP: 22/26 MP: 2/2
    37 | D:1      | Reached skill level 4 in Axes
   277 | D:1      | Reached XP level 3. HP: 25/31 MP: 3/3
   618 | D:2      | Reached skill level 5 in Axes
  1019 | D:2      | Reached XP level 4. HP: 39/39 MP: 4/4
  1080 | D:2      | Reached skill level 6 in Axes
  1348 | D:2      | Reached XP level 5. HP: 7/45 MP: 5/5
  1608 | D:3      | Reached skill level 7 in Axes
  1643 | D:3      | Found a snail-covered altar of Cheibriados.
  1644 | D:3      | Noticed Natasha
  1657 | D:3      | Killed Natasha
  1999 | D:4      | Reached skill level 8 in Axes
  2001 | D:4      | Reached XP level 6. HP: 42/51 MP: 6/6
  2046 | D:4      | Found a glowing silver altar of Zin.
  2070 | D:4      | Found a blossoming altar of Fedhas.
  2070 | D:4      | Found an ornate altar of the Wu Jian Council.
  2071 | D:4      | Found a stormy altar of Qazlal.
  2074 | D:4      | Found a white marble altar of Elyvilon.
  2075 | D:4      | Found a hazy altar of Hepliaklqana.
  2173 | D:4      | Noticed a troll
  2192 | D:4      | Slain by a troll

Levels and vault maps discovered:
D:1:      scummos_arrival_gate, layout_basic, chequers_jeans
D:2:      layout_loops_ring
D:3:      layout_rooms, nicolae_overflow_crystal_walls, uniq_natasha
D:4:      layout_rooms, minitemple, ebering_ghost_rock_garden, first_ration,
          eino_tiny_chamber, hangedman_decor_lopped,
          chequers_serial_rivers_small_b, palyth_stone_intersect

Skill      XL: |  1  2  3  4  5 |
---------------+----------------+-----
Axes           | 3 4 5 6 8 |  8.7
Fighting       | |  3.6
Armour         | |  3.2
Shields        | |  3.2

Action                   |  1- 3 |  4- 6 || total
-------------------------+-------+-------++-------
Melee: War axe           |    90 |   123 ||   213
  Eat: Chunk             |       |     4 ||     4
Armor: Scale mail        |    40 |    46 ||    86
Dodge: Dodged            |    36 |    40 ||    76
Block: Shield            |    40 |    62 ||   102
